 Dungeon Crawl Stone Soup version 0.30-a0-1094-g860fb061e7 (webtiles) character file.

Game seed: 16446102411376278313

130 themarg the Firebug (level 4, -2/30 HPs)
             Began as a Demonspawn Fire Elementalist on Apr 18, 2023.
             Was an Initiate of Vehumet.
             Slain by Edmund
             ... wielding a +2 heavy dire flail
              (12 damage)
             ... on level 4 of the Dungeon.
             The game lasted 00:08:33 (3635 turns).

themarg the Firebug (Demonspawn Fire Elementalist)  Turns: 3635, Time: 00:08:34

Health: -2/30      AC:  3    Str:  9    XL:     4   Next: 90%
Magic:  1/8        EV: 12    Int: 18    God:    Vehumet [......]
Gold:   100        SH:  0    Dex: 13    Spells: 6/9 levels left

rFire   . . .      SeeInvis .    d - +0 dagger
rCold   . . .      Faith    .    (no shield)
rNeg    . . .      Spirit   .    a - +0 robe
rPois   .          Reflect  .    (no helmet)
rElec   .          Rampage  .    t - +0 cloak
rCorr   .                        (no gloves)
Will    .....                    (no boots)
Stlth   ++                       (no amulet)
HPRegen 0.25/turn                (no ring)
MPRegen 0.11/turn                (no ring)

@: no status effects
A: hooves 1, spiny 1, demonic touch 1
a: Renounce Religion


You were on level 4 of the Dungeon.
You worshipped Vehumet.
Vehumet was noncommittal.
You visited 1 branch of the dungeon, and saw 4 of its levels.

You collected 152 gold pieces.
You spent 52 gold pieces at shops.

Inventory:

Hand Weapons
 d - a +0 dagger (weapon)
Missiles
 l - 41 stones
 x - 5 poisoned darts
Armour
 a - a +0 robe (worn)
 t - a +0 cloak (worn)
Scrolls
 c - 2 scrolls of enchant armour {unknown}
 e - a scroll of summoning {unknown}
 f - 2 scrolls of torment {unknown}
 k - a scroll of poison {unknown}
 m - a scroll of noise {unknown}
 n - 2 scrolls of identify {unknown}
 o - 2 scrolls of teleportation {unknown}
 p - a scroll of silence {unknown}
 q - a scroll of amnesia {unknown}
 s - a scroll of immolation {unknown}
 u - a scroll of magic mapping {unknown}
 v - a scroll of fear {unknown}
 w - a scroll of enchant weapon {unknown}
Potions
 b - a potion of magic
 g - 2 potions of attraction {unknown}
 h - a potion of brilliance {unknown}
 i - a potion of might {unknown}
 j - 4 potions of curing
 r - a potion of resistance {unknown}


   Skills:
 - Level 1.7 Dodging
 - Level 3.0 Stealth
 - Level 3.0 Spellcasting
 - Level 1.0 Conjurations
 + Level 4.0 Fire Magic


You had 6 spell levels left.
You knew the following spells:

 Your Spells              Type           Power      Damage    Failure   Level
a - Foxfire               Conj/Fire      44%        2x1d6     6%          1
b - Scorch                Fire           34%        2d6       4%          2

Your spell library contained the following spells:

 Spells                   Type           Power      Damage    Failure   Level
 Inner Flame              Hex/Fire       9%         N/A       22%         3
 Volatile Blastmotes      Fire/Tloc      18%        2d11      22%         3
 Cigotuvi's Dreadful Rot  Necr/Pois/Air  4%         N/A       24%         2
 Ignite Poison            Fire/Tmut/Pois 7%         N/A       28%         3
 Flame Wave               Conj/Fire      11%        2d6       50%         4
 Freezing Cloud           Conj/Ice/Air   1%         6-21      98%         5


Dungeon Overview and Level Annotations

Branches:
Dungeon (4/15)
 Temple: D:4-7

Altars:
Gozag
Trog
Vehumet

Shops:
D:1 !   D:2 :   D:4 :

Annotations:
D:4 Edmund


Innate Abilities, Weirdness & Mutations

You have large cloven feet.
You are partially covered in sharp spines.
Your touch may inflict minor irresistible damage on your foes.


Message History

There is a stone staircase leading down here.
Edmund the Younger comes into view.
He is wielding a +2 heavy dire flail and wearing a +3 leather armour of fire resistance.
You conjure some foxfire!
Edmund shouts!
You conjure some foxfire!
The foxfire hits Edmund.
Edmund resists.
Edmund is lightly wounded.
You conjure some foxfire!
Flames lash Edmund.
Edmund resists.
Edmund is lightly wounded.
Edmund's fire resistance burns away.
The foxfire hits Edmund.
Edmund is lightly wounded.
The foxfire hits Edmund but does no damage.
Edmund is lightly wounded.
The foxfire hits Edmund.
Edmund is moderately wounded.
The foxfire hits Edmund but does no damage.
Edmund is moderately wounded.
The foxfire hits Edmund.
Edmund is moderately wounded.
Flames lash Edmund.
Edmund is heavily wounded.
You conjure some foxfire!
You barely miss Edmund. Your kick misses Edmund.
Edmund is heavily wounded.
The foxfire hits Edmund.
Edmund is heavily wounded.
The foxfire hits Edmund but does no damage.
Edmund is heavily wounded.
Edmund closely misses you.
You closely miss Edmund. You kick Edmund.
Edmund is heavily wounded.
You hit Edmund. You kick Edmund.
You touch Edmund.
Edmund is almost dead.
Edmund is struck by your spines.
Edmund hits you with a +2 heavy dire flail!!
Ouch! That really hurt!
You hit Edmund but do no damage. You kick Edmund.
Edmund is almost dead.
Edmund hits you with a +2 heavy dire flail!
You die...

########.#########....#.........
#.# #####.#..#......... #.#
#.....##........... #.#
#.....##......##### #.#
#.................. #.#
#.....###........#. #.# #.....#
#.###....#. #.....# #.###......
###@@...###....######
............#####.### #
.....######.# ###...## # .....
#.# #......# # ... #.#
#......### .. #.# #.......## .
#.# #.....#.## #.# #.....#.##
#.# #.....#.##


You could see Edmund (combustible).

Vanquished Creatures
  4 adders
  6 orcs
  16 endoplasms
  2 giant cockroaches
  7 goblins
  3 hobgoblins
  5 jackals
  7 quokkas
  5 ball pythons
  8 bats
  A frilled lizard (D:1)
  7 kobolds
  5 rats
  2 toadstools (D:1)
78 creatures vanquished.

Vanquished Creatures (collateral kills)
  A foxfire (D:1)
1 creature vanquished.

Vanquished Creatures (others)
  183 foxfires
  A plant (D:1)
  2 toadstools (D:1)
186 creatures vanquished.

Grand Total: 265 creatures vanquished

Notes
Turn   | Place    | Note
-------+----------+-------------------------------------------
     0 | D:1      | themarg the Demonspawn Fire Elementalist began the quest
                  | for the Orb.
     0 | D:1      | Reached XP level 1. HP: 13/13 MP: 3/3
   305 | D:1      | Discovered your monstrous ancestry.
   305 | D:1      | Gained mutation: You have large cloven feet. [demonic
                  | ancestry]
   305 | D:1      | Reached XP level 2. HP: 19/19 MP: 1/5
   626 | D:1      | Found Kuip's Distillery.
   667 | D:1      | Bought a potion of curing for 39 gold pieces
   672 | D:1      | Reached skill level 3 in Fire Magic
   865 | D:1      | Learned a level 2 spell: Scorch
  1229 | D:1      | Bought a potion of degeneration for 13 gold pieces
  1374 | D:2      | Gained mutation: You are partially covered in sharp spines.
                  | [demonic ancestry]
  1374 | D:2      | Reached XP level 3. HP: 20/24 MP: 3/6
  1901 | D:2      | Gained mutation: Your touch may inflict minor irresistible
                  | damage on your foes. [demonic ancestry]
  1901 | D:2      | Reached XP level 4. HP: 29/30 MP: 0/8
  2037 | D:2      | Found Nirri Ciak's Book Shop.
  2525 | D:3      | Found a faded altar of an unknown god.
  2753 | D:3      | Found a radiant altar of Vehumet.
  2845 | D:3      | Became a worshipper of Vehumet
  3021 | D:3      | Found a bloodstained altar of Trog.
  3033 | D:3      | Found an opulent altar of Gozag.
  3246 | D:4      | Reached skill level 4 in Fire Magic
  3291 | D:4      | Found Jeskuado's Vocational Training.
  3625 | D:4      | Noticed Edmund
  3635 | D:4      | Slain by Edmund

Illustrated notes

Levels and vault maps discovered:
D:1:      ldierk_walled_garden_2, layout_loops_ring, serial_shops, shop,
          grunt_decor_resistance
D:2:      layout_rooms, serial_shops, shop
D:3:      layout_rooms, minitemple, old_standard_altar,
          hellmonk_ecumenical_altar_inner_sanctum, kennysheep_doodads,
          hangedman_abyss_or_decor_lesser_grid
D:4:      layout_basic, mainiacjoe_overflow_brackets, nicolae_shop_vocational,
          uniq_edmund

Skill      XL: |  1  2  3  4 |
---------------+-------------+-----
Stealth        | 2 3 |  3.0
Fire Magic     | 3 4 |  4.0
Spellcasting   | 3 |  3.0
Dodging        | |  1.7
Conjurations   | |  1.0

Action                     |  1- 3 |  4- 6 || total
---------------------------+-------+-------++-------
  Melee: Unarmed           |     1 |       ||     1
         Dagger            |    11 |     4 ||    15
         Kick              |     3 |     3 ||     6
         Touch             |       |     1 ||     1
   Cast: Foxfire           |    58 |    60 ||   118
         Scorch            |    18 |     9 ||    27
 Armour: Robe              |     3 |       ||     3
  Dodge: Dodged            |    13 |     4 ||    17

Table legend: (Time is in decaauts)
 A = Elapsed time spent in this place.
 B = Non-inter-level travel time spent in this place.
 C = Inter-level travel time spent in this place.
 D = Time resting spent in this place.
 E = Time spent auto-exploring this place.
 F = Levels seen in this place.
 G = Mean time per level.
                   A        B        C        D        E       F      G
               +--------+--------+--------+--------+--------+-----+--------+
         Total |   3645 |   3534 |    111 |    384 |   2664 |   4 |  911.2 |
       Dungeon |   3645 |   3534 |    111 |    384 |   2664 |   4 |  911.2 |
               +--------+--------+--------+--------+--------+-----+--------+

Top non-repeatable levels by time:
     D:1: 1361 daAuts
     D:3: 974 daAuts
     D:2: 919 daAuts
     D:4: 390 daAuts
